 Dungeon Crawl Stone Soup version 0.28.0-53-g5a82cb258f (webtiles) character file.

Game seed: 17124740915757447172

14 Gabide the Skirmisher (level 2, -2/24 HPs)
             Began as a Mummy Berserker on June 3, 2022.
             Was a Follower of Trog.
             Killed from afar by a dart slug (4 damage)
             ... with a slug dart
             ... on level 1 of the Dungeon.
             The game lasted 00:00:17 (232 turns).

Gabide the Skirmisher (Mummy Berserker)              Turns: 232, Time: 00:00:18

Health: -2/24      AC:  2    Str: 20    XL:     2   Next: 31%
Magic:  2/2        EV: 12    Int:  6    God:    Trog [*.....]
Gold:   10         SH:  0    Dex: 11    Spells: 1/1 levels left

rFire   x . .      SeeInvis .     - Unarmed
rCold   + . .      Faith    .   (no shield)
rNeg    + + +      Spirit   .   a - +0 animal skin
rPois   ∞          Reflect  .   (no helmet)
rElec   .          Harm     .   (no cloak)
rCorr   .          Rampage  .   (no gloves)
Will    .....                   (no boots)
Stlth   +.........              (no amulet)
HPRegen 0.08/turn               (no ring)
MPRegen 0.08/turn               (no ring)

@: no status effects
A: cold resistance 1, negative energy resistance 3, torment resistance 2, heat
vulnerability 1, no potions
a: Renounce Religion


You were on level 1 of the Dungeon.
You worshipped Trog.
Trog was aware of your devotion.
You visited 1 branch of the dungeon, and saw 1 of its levels.

You collected 10 gold pieces.

Inventory:

Armour
 a - a +0 animal skin (worn)


   Skills:
 + Level 3.2 Fighting
 - Level 1.5 Armour
 + Level 1.9 Dodging
 + Level 2.6 Unarmed Combat


You had one spell level left.
You didn't know any spells.
Your spell library was empty.

Dungeon Overview and Level Annotations

Branches:
Dungeon (1/15)

Altars:


Innate Abilities, Weirdness & Mutations

You are immune to poison.
Your flesh is cold resistant. (rC+)
You are immune to negative energy. (rN+++)
You are immune to unholy pain and torment.
You are vulnerable to heat. (rF-)
You do not drink.


Message History

You are too injured to fight recklessly!
You are too injured to fight recklessly!
You are too injured to fight recklessly!
The bat barely misses you. The bat hits you. The bat barely misses you.
You are too injured to fight recklessly!
You barely miss the bat. The bat barely misses you. x2
You hit the bat but do no damage. The bat hits you but does no damage.
The bat misses you. The bat barely misses you.
You miss the bat. The bat hits you.
You hit the bat.
You kill the bat!
Trog accepts your kill.
You barely miss the hobgoblin.
The hobgoblin is almost dead.
The hobgoblin closely misses you.
You closely miss the hobgoblin.
The hobgoblin is almost dead.
The hobgoblin hits you.
* * * LOW HITPOINT WARNING * * *
You hit the hobgoblin.
You kill the hobgoblin!
Trog accepts your kill.
You hit the rat.
You kill the rat!
Trog accepts your kill.
You closely miss the hobgoblin. The hobgoblin hits you.
* * * LOW HITPOINT WARNING * * *
You hit the hobgoblin.
The hobgoblin is heavily wounded.
The hobgoblin barely misses you.
You closely miss the hobgoblin.
The hobgoblin is heavily wounded.
You hit the hobgoblin.
You kill the hobgoblin!
Trog accepts your kill. The dart slug launches a dart at you.
The slug dart hits you.
You die...

. .... ##... .##....... ..
..... ..#....... ...
###..### #.#.......
#..##....... #.#.......
.......##.#####.#...(...
..............>........
#.###.##.###.####.........
........w@.....##.......†.
........##########..####'#
........>.g.... #..# #.#
.....#.####.#.. ##.####.#
.... .. ......... ... ..#
(....##.# .. ... ###..##..
. .... ####### #..####
..... ###(.(.(###......


You could see a dart slug.

Vanquished Creatures
  A dart slug (D:1)
  2 ball pythons (D:1)
  A bat (D:1)
  2 endoplasms (D:1)
  3 hobgoblins (D:1)
  A rat (D:1)
10 creatures vanquished.

Notes
Turn   | Place    | Note
-------+----------+-------------------------------------------
     0 | D:1      | Gabide the Mummy Berserker began the quest for the Orb.
     0 | D:1      | Reached XP level 1. HP: 18/18 MP: 1/1
   157 | D:1      | Reached XP level 2. HP: 21/24 MP: 2/2
   232 | D:1      | Killed from afar by a dart slug

Illustrated notes

Levels and vault maps discovered:
D:1:      minmay_arrival_shattered_statue, layout_basic, basic_ecumenical_altar

Action                   || total
-------------------------++-------
Melee: Unarmed           ||    30
Armor: Animal skin       ||     5
Dodge: Dodged            ||    19
